 Dungeon Crawl Stone Soup version 0.17-a0-2027-gcac42c4 (webtiles) character file.

208721 maniek23 the Bewitcher (level 18, -5/107 HPs)
             Began as a Vampire Enchanter on Oct 10, 2015.
             Was the Champion of Ru.
             Slain by a manticore (9 damage)
             ... on level 2 of the Shoals.
             The game lasted 03:18:54 (35945 turns).

maniek23 the Bewitcher (Vampire Enchanter)         Turns: 35945, Time: 03:18:57

Health: -5/107     AC: 15    Str:  8    XL:     18   Next: 13%
Magic:  24/32      EV:  2    Int: 20    God:    Ru [******]
Gold:   2997       SH:  0    Dex: 28    Spells: 10 memorised, 7 levels left

rFire  + . .     SeeInvis +     C - +9 rapier (flame)
rCold  + . .     Clarity  .     X - +1 leather armour of Omission {rC- rCorr Slay+6 Stlth+}
rNeg   + + +     SustAt   .     (no shield)
rPois  ∞         Gourm    .     Y - +2 hat {MR+}
rElec  +         Spirit   .     l - +2 cloak of Dogma {rElec Dex+2}
rCorr  +         Warding  .     g - +2 pair of gloves {Dex+3}
rMut   .         Stasis   .     b - +2 pair of boots
MR     ++...                    I - amulet of Ryaqibee {Regen+ Slay+3}
Stlth  ++++++....               Q - ring of Xucivob {rF+ Dex+6}
                                O - +4 ring of evasion

@: icy shield, petrified, manticore barbs, regenerating slowly, very resistant
to hostile enchantments, very stealthy
A: fangs 3, see invisible, weak 1, unbreathing, inability to use devices, hated
by all, inexperienced 1, missing an eye
a: Bat Form, Draw Out Power, Power Leap, Apocalypse, Renounce Religion
}: 1/15 runes: serpentine


You were on level 2 of the Shoals.
You worshipped Ru.
Ru was exalted by your worship.
You were near bloodless.

You visited 6 branches of the dungeon, and saw 34 of its levels.
You also visited: Labyrinth, Trove and Volcano.

You collected 3727 gold pieces.
You spent 730 gold pieces at shops.

Inventory:

Hand Weapons
 a - a +1 dagger
 B - the +7 great sword "Noliomno" {slice, rC++ Dex+2}
   (You found it on level 4 of the Snake Pit)

   It inflicts extra damage upon your enemies.
   It affects your dexterity (+2).
   It greatly protects you from cold.
 C - a +9 rapier of flaming (weapon)
Missiles
 m - 161 bolts
Armour
 b - a +2 pair of boots (worn)
 g - a +2 pair of gloves of dexterity (worn)
 j - a +0 troll leather armour
 l - the +2 cloak of Dogma (worn) {rElec Dex+2}
   (You found it on level 5 of the Lair of Beasts)

   It affects your dexterity (+2).
   It insulates you from electricity.
 q - a +2 leather armour of fire resistance
 X - the +1 leather armour of Omission (worn) {rC- rCorr Slay+6 Stlth+}
   (You bought it in a shop on level 11 of the Dungeon)

   It affects your accuracy and damage with ranged weapons and melee attacks
   (+6).
   It makes you vulnerable to cold.
   It protects you from acid and corrosion.
   It makes you more stealthy.
 Y - a +2 hat of magic resistance (worn)
Jewellery
 c - a +2 ring of intelligence
 w - a +3 ring of intelligence
 x - an uncursed amulet of warding
 z - an uncursed ring of positive energy
 I - the amulet of Ryaqibee (around neck) {Regen+ Slay+3}
   (You found it in a labyrinth)

   [amulet of regeneration]

   It affects your accuracy and damage with ranged weapons and melee attacks
   (+3).
   It increases your rate of regeneration.
 N - a +4 ring of strength
 O - a +4 ring of evasion (left hand)
 P - an uncursed ring of fire
 Q - the ring of Xucivob (right hand) {rF+ Dex+6}
   (You found it in a labyrinth)

   [ring of dexterity]

   It affects your dexterity (+6).
   It protects you from fire.
 V - an uncursed ring of ice
Scrolls
 f - 15 scrolls of teleportation
 k - 4 scrolls of enchant weapon
 n - a scroll of fog
 o - 2 scrolls of enchant armour
 s - 3 scrolls of fear
 t - 2 scrolls of noise
 u - a scroll of brand weapon
 y - 3 scrolls of magic mapping
 G - a scroll of silence
 H - 10 scrolls of remove curse
 J - 6 scrolls of amnesia
 S - 11 scrolls of identify
 T - 2 scrolls of blinking
 W - 2 scrolls of vulnerability
Potions
 d - 30 potions of blood
 e - 3 potions of resistance
 h - a potion of cure mutation
 i - 2 potions of magic
 p - 9 potions of agility
 r - 3 potions of flight
 v - 4 potions of beneficial mutation
 A - 8 potions of curing
 D - 3 potions of haste
 F - 2 potions of brilliance
 K - 4 potions of invisibility
 L - 6 potions of berserk rage
 Z - 2 potions of might
Books
 R - the Catalogue of the Oath
   (You found it in a treasure trove)

   Spells                             Type                      Level
   a - Corona                         Hexes                        1
   b - Ensorcelled Hibernation        Hexes/Ice                    2
   c - Tukima's Dance                 Hexes                        3
   d - Mass Confusion                 Hexes                        6
   e - Discord                        Hexes                        8


   Skills:
 - Level 14.3 Short Blades
 * Level 17.1 Dodging
 + Level 19.4 Stealth
 + Level 10.9 Spellcasting
 - Level 4.1 Conjurations
 * Level 20.1 Hexes
 - Level 2.5 Transmutations
 + Level 11.7 Ice Magic
 - Level 1.7 Earth Magic


You had 7 spell levels left.
You knew the following spells:

 Your Spells              Type           Power        Failure   Level  Hunger
a - Corona                Hex            ######.      0%          1    None
b - Ensorcelled Hibernat  Hex/Ice        ######       1%          2    None
c - Confuse               Hex            ######..     0%          3    None
d - Tukima's Dance        Hex            ######..     0%          3    None
e - Dazzling Spray        Conj/Hex       ######..     1%          3    None
f - Cause Fear            Hex            ######....   1%          4    ##.....
g - Condensation Shield   Ice            ######....   1%          4    ##.....
h - Petrify               Trmt/Erth      ###.....     43%         4    ##.....
i - Stoneskin             Trmt/Erth      ###.....     8%          2    None
j - Metabolic Englaciati  Hex/Ice        ######....   1%          5    ####...


Dungeon Overview and Level Annotations

Branches:
Dungeon (15/15)            Temple (1/1) D:5            Lair (8/8) D:11
 Shoals (2/4) Lair:6        Snake (4/4) Lair:4        Slime (0/6) Lair:7
    Orc (4/4) D:9             Elf (0/3) Orc:4        Vaults (0/5) D:14
 Depths (0/5) D:15

Altars:
Ashenzari
Cheibriados
Dithmenos
Elyvilon
Fedhas
Gozag
Kikubaaqudgha
Makhleb
Nemelex Xobeh
Okawaru
Qazlal
Ru
Sif Muna
Trog
Vehumet
Xom
Yredelemnul
Zin
The Shining One
Jiyva

Shops:
D:5 !   D:6 *   D:8 (   D:10 ?   D:11 [   Orc:4 ?((%   Shoals:2 *

Annotations:
Shoals:2 Polyphemus


Innate Abilities, Weirdness & Mutations

You heal slowly.
You have razor-sharp teeth.
You have supernaturally acute eyesight.
You are weak. (Str -2)
You can survive without breathing.
You cannot study or use magical devices.
You are hated by all.
You are somewhat inexperienced (-2 XL).
You are missing an eye, making it more difficult to aim.


Message History

* * * LOW HITPOINT WARNING * * *
The death yak gores you but does no damage.
The manticore begins to attack, but is stunned by your will!
The death yak stops moving altogether!
The catoblepas breathes a plume of calcifying dust at you.
The blast of calcifying dust hits you!
The blast of calcifying dust hits the death yak.
Polyphemus hits you but does no damage. Polyphemus hits you.
* * * LOW HITPOINT WARNING * * *
The manticore bites you but does no damage.
The manticore claws you but does no damage.
The manticore barely misses you.
You are engulfed in calcifying dust.
The manticore is no longer blind.
The catoblepas breathes a plume of calcifying dust at you.
The blast of calcifying dust hits you!
The blast of calcifying dust hits the death yak.
Polyphemus begins to attack, but is stunned by your will!
The death yak is engulfed in calcifying dust.
The manticore bites you!!
You die...

≈≈≈≈≈# ... ≈≈≈≈.##
..>.......8.$...
≈≈≈≈≈.##......≈.........
≈≈≈≈≈≈.....≈≈≈≈.8.∩.8...
≈≈≈≈≈.....≈≈≈≈..........
≈.≈≈≈≈≈≈≈≈≈≈≈≈....8.!...
.......≈≈≈≈≈≈≈[.........
.!....(.≈≈≈≈≈≈≈CHY......
.....<...≈≈≈≈≈≈≈@≈≈......
..........≈≈≈≈≈Y≈≈≈....≈≈
....###<..≈≈..§.≈≈≈≈.....
....###.........≈≈≈≈(....
.................≈≈≈≈≈...
≈≈≈≈..≈....####.≈≈≈≈≈..≈.
≈≈≈≈..≈..#.# #...≈≈≈≈>≈≈
≈≈≈≈.....#.####....≈≈≈≈≈≈
≈≈≈.................≈..≈≈


You could see Polyphemus (invisible), a death yak (petrified), a catoblepas
(blind) and a manticore.

Vanquished Creatures
  Asterion (Snake:4)
  Gastronok (D:11)
  Kirke (Shoals:1)
  11 greater nagas
  Aizul (Snake:1)
  Azrael (Orc:4)
  A salamander stormcaller (D:14)
  The ghost of kae the Fencer, a journeyman MiFi of Qazlal (D:12)
  Snorg (Lair:8)
  2 vault guards (D:14)
  A merfolk impaler (Shoals:1)
  Josephine (D:11)
  A minotaur (Lab)
  The ghost of radek the Fighter, a journeyman MiBe of Trog (Lair:1)
  9 hydras
  15 naga warriors
  A catoblepas (D:14)
  9 anacondas
  A merfolk avatar (Shoals:1)
  Erica (D:8)
  Erolcha (D:11)
  3 dancing weapons
  2 ogre magi (Orc:4)
  10 death yaks
  2 centaur warriors (D:13)
  7 shock serpents
  Urug (D:12)
  16 naga sharpshooters
  Sonja (Lair:1)
  4 unseen horrors
  4 salamander mystics
  2 deep trolls (Orc:4)
  2 sea snakes (Shoals:1)
  A wizard (D:14)
  A giant orange brain (D:15)
  2 necromancers (D:14)
  7 naga ritualists
  A wolf spider zombie (D:12)
  A wolf spider (D:13)
  16 ugly things
  2 oklob plants
  5 cyclopes
  A hornet (shapeshifter) (D:15)
  3 griffons
  3 orc knights
  11 hill giants
  2 manticores
  8 salamanders
  9 mana vipers
  30 naga magi
  2 sirens
  3 water nymphs
  22 elephants
  3 guardian serpents
  A guardian serpent (shapeshifter) (D:15)
  34 black mambas
  2 torpor snails (Lair:4)
  12 spiny frogs
  A yaktaur (Shoals:1)
  4 gargoyles (Lab)
  6 fire drakes
  A kobold demonologist (D:14)
  8 komodo dragons
  An efreet (D:14)
  A tengu conjurer (D:14)
  A raiju (shapeshifter) (D:15)
  9 merfolk (Shoals:1)
  24 blink frogs
  2 polar bears
  A hornet zombie (D:13)
  10 two-headed ogres
  12 trolls
  3 snapping turtles
  11 slime creatures
  The ghost of Ijustatesigmund the Sneak, an amateur OpTm (D:5)
  3 boulder beetles
  3 fire elementals (Orc:4)
  Sigmund (D:5)
  2 trapdoor spiders (Lab)
  2 shadows (D:15)
  4 hogs (Shoals:1)
  20 humans (D:14)
  2 vampires (D:13)
  3 wyverns
  A fire bat (Volcano)
  2 water elementals
  75 yaks
  2 deep elf magi
  A hungry ghost (D:14)
  A deep elf fighter (D:11)
  4 basilisks
  4 wraiths (D:11)
  2 vampire mosquitoes (D:14)
  13 hippogriffs
  3 wargs
  Menkaure (D:6)
  3 soldier ants
  22 wolves
  Edmund (D:6)
  A hell hound (Orc:4)
  56 nagas
  14 water moccasins
  Duvessa (D:5)
  4 necrophages
  6 ice beasts
  24 ogres
  3 black bears
  8 porcupines
  A wasp (D:10)
  6 sky beasts
  2 eyes of draining
  3 phantoms
  21 centaurs
  9 orc warriors
  20 crocodiles
  17 giant frogs
  A wyvern zombie (D:11)
  A gnoll sergeant (D:7)
  2 big kobolds
  Dowan (D:5)
  7 scorpions
  A wyvern skeleton (D:13)
  8 killer bees
  4 wights (D:13)
  8 electric eels
  4 quasits
  10 crimson imps
  3 giant frog zombies
  14 orc wizards
  9 hounds
  Crazy Yiuf (D:6)
  20 orc priests
  14 two-headed ogre zombies (D:14)
  4 centaur skeletons
  A centaur zombie (D:8)
  2 giant frog skeletons
  2 jellies
  16 iguanas
  A hell rat (D:7)
  8 worker ants
  2 killer bee zombies (D:9)
  13 sheep
  A hound skeleton (D:11)
  2 worker ant zombies
  7 gnolls
  47 river rats
  2 shadow imps (D:12)
  14 adders
  2 oozes
  3 adder zombies
  4 worms
  7 giant geckos
  136 orcs
  7 ball pythons
  15 bats
  6 giant cockroaches
  4 goblins
  9 hobgoblins
  5 jackals
  4 quokkas
  2 giant gecko zombies (D:7)
  8 giant newts
  A jackal skeleton (D:8)
  16 kobolds
  A quokka skeleton (D:6)
  A quokka zombie (D:9)
  39 rats
  A plant (Lair:2)
1266 creatures vanquished.

Vanquished Creatures (collateral kills)
  A gnoll sergeant (D:8)
  2 gnolls (D:8)
3 creatures vanquished.

Vanquished Creatures (others)
  A dancing weapon (D:8)
  An ugly thing (D:14)
  An elephant (Lair:8)
  A salamander (Snake:2)
  A black mamba (Snake:4)
  2 trolls
  A fire drake (Volcano)
  A two-headed ogre (D:11)
  A blink frog (Lair:7)
  A naga (Snake:4)
  A centaur (D:12)
  A wyvern skeleton (D:15)
  A hound (D:11)
  An orc wizard (Orc:1)
  A hound skeleton (D:11)
  A river rat (Lair:2)
  2 orcs
  19 fungi
  7 plants
45 creatures vanquished.

Grand Total: 1314 creatures vanquished

Notes
Turn   | Place    | Note
--------------------------------------------------------------
     0 | D:1      | maniek23 the Vampire Enchanter began the quest for the Orb.
     0 | D:1      | Reached XP level 1. HP: 13/13 MP: 3/3
   285 | D:1      | Reached XP level 2. HP: 10/19 MP: 5/5
   372 | D:1      | Reached skill level 5 in Hexes
   652 | D:1      | Learned a level 2 spell: Ensorcelled Hibernation
   979 | D:2      | Found a shattered altar of Ashenzari.
   979 | D:2      | Found a stormy altar of Qazlal.
   979 | D:2      | Found a shadowy altar of Dithmenos.
   979 | D:2      | Found a basalt altar of Yredelemnul.
   979 | D:2      | Found a glowing golden altar of the Shining One.
   979 | D:2      | Found an opulent altar of Gozag.
   983 | D:2      | Reached skill level 5 in Stealth
  1078 | D:2      | Reached XP level 3. HP: 15/24 MP: 1/6
  1206 | D:2      | Found a blossoming altar of Fedhas.
  1885 | D:3      | Reached XP level 4. HP: 27/30 MP: 7/7
  2519 | D:4      | Reached XP level 5. HP: 35/35 MP: 3/8
  2898 | D:4      | Reached skill level 6 in Hexes
  2960 | D:5      | Entered Level 5 of the Dungeon
  2966 | D:5      | Found a staircase to the Ecumenical Temple.
  2985 | Temple   | Entered the Ecumenical Temple
  3106 | Temple   | Became a worshipper of Ru the Awakened
  3123 | D:5      | Noticed Duvessa
  3126 | D:5      | Noticed Dowan
  3154 | D:4      | Learned a level 3 spell: Confuse
  3193 | D:5      | Killed Duvessa
  3193 | D:5      | Reached skill level 1 in Ice Magic
  3193 | D:5      | Reached XP level 6. HP: 16/41 MP: 0/10
  3322 | D:5      | Killed Dowan
  3397 | D:5      | Noticed Ijustatesigmund's ghost (amateur OpTm)
  3406 | D:5      | Killed Ijustatesigmund's ghost
  3406 | D:5      | Reached XP level 7. HP: 46/46 MP: 7/11
  3428 | D:5      | Found Ygeleg's Distillery.
  3443 | D:5      | Bought a potion of degeneration for 12 gold pieces
  3443 | D:5      | Bought a potion of curing for 36 gold pieces
  3443 | D:5      | Bought a potion of heal wounds for 60 gold pieces
  3443 | D:5      | Bought a potion of poison for 12 gold pieces
  3513 | D:5      | Noticed Sigmund
  3527 | D:5      | Killed Sigmund
  3601 | D:5      | Noticed a centaur
  3608 | D:5      | Killed a centaur
  3608 | D:5      | Reached skill level 5 in Short Blades
  3608 | D:5      | Reached skill level 7 in Stealth
  3609 | D:5      | Found an ancient bone altar of Kikubaaqudgha.
  3609 | D:5      | Found a white marble altar of Elyvilon.
  3651 | D:5      | Noticed a necrophage
  3676 | D:5      | Killed a necrophage
  4059 | D:6      | Found Moto's Assorted Antiques.
  4081 | D:6      | Reached XP level 8. HP: 52/52 MP: 10/13
  4202 | D:6      | Noticed Edmund
  4205 | D:6      | Killed Edmund
  4215 | D:6      | Found a bloodstained altar of Trog.
  4269 | D:6      | Reached skill level 5 in Dodging
  4269 | D:6      | Reached skill level 8 in Hexes
  4356 | D:6      | Noticed Crazy Yiuf
  4363 | D:6      | Killed Crazy Yiuf
  4449 | D:6      | Noticed Menkaure
  4462 | D:6      | Killed Menkaure
  4779 | D:7      | Gained mutation: You are somewhat inexperienced (-2 XL). [Ru sacrifice]
  4779 | D:7      | Reached XP level 7. HP: 46/46 MP: 13/13
  4779 | D:7      | Reached XP level 6. HP: 41/41 MP: 12/12
  4779 | D:7      | Acquired Ru's first power
  4781 | D:7      | Reached XP level 7. HP: 46/46 MP: 10/13
  5004 | D:7      | Reached skill level 9 in Stealth
  5004 | D:7      | Reached XP level 8. HP: 52/52 MP: 12/15
  5029 | D:7      | Reached skill level 5 in Spellcasting
  5099 | D:7      | Learned a level 3 spell: Tukima's Dance
  5103 | D:7      | Learned a level 3 spell: Dazzling Spray
  5108 | D:7      | Learned a level 4 spell: Cause Fear
  5631 | D:7      | Reached XP level 9. HP: 35/55 MP: 11/17
  6323 | D:8      | Noticed a four-headed hydra
  6328 | D:8      | Killed a four-headed hydra
  6328 | D:8      | Reached skill level 10 in Stealth
  6328 | D:8      | Reached skill level 10 in Hexes
  6369 | D:8      | Gained mutation: You cannot study or use magical devices. [Ru sacrifice]
  6369 | D:8      | Acquired Ru's second power
  6369 | D:8      | Acquired Ru's third power
  6369 | D:8      | Acquired Ru's fourth power
  6881 | D:8      | Found Iblaxkol's Antique Weapon Boutique.
  7166 | D:8      | Noticed Erica
  7209 | D:8      | HP: 2/55 [Erica/scimitar of flaming (8)]
  7214 | D:8      | Killed Erica
  7214 | D:8      | Reached XP level 10. HP: 35/63 MP: 19/19
  7481 | D:8      | Reached skill level 10 in Short Blades
  7888 | D:9      | Noticed an unseen horror
  7893 | D:9      | Killed an unseen horror
  7893 | D:9      | Reached skill level 11 in Stealth
  7896 | D:9      | Reached skill level 1 in Conjurations
  7915 | D:9      | Identified the Collected Works on Flames
  8142 | D:9      | Found a snail-covered altar of Cheibriados.
  8593 | D:9      | Gained mutation: You are hated by all. [Ru sacrifice]
  8593 | D:9      | Acquired Ru's fifth power
  8761 | D:9      | Found a staircase to the Orcish Mines.
  8809 | D:10     | Entered Level 10 of the Dungeon
  8813 | D:10     | Found Qiss's Magic Scroll Shoppe.
  8823 | D:10     | Bought a scroll of enchant weapon for 112 gold pieces
  8823 | D:10     | Bought a scroll of enchant armour for 112 gold pieces
  8823 | D:10     | Bought a scroll of blinking for 112 gold pieces
  8864 | D:10     | Noticed a hill giant
  8880 | D:10     | Killed a hill giant
  9306 | D:10     | Reached XP level 11. HP: 68/68 MP: 18/21
  9319 | D:10     | Noticed a hill giant
  9330 | D:10     | Killed a hill giant
  9487 | D:10     | Noticed a hill giant
  9489 | D:10     | Noticed a hill giant
  9490 | D:10     | Killed a hill giant
  9493 | D:10     | Killed a hill giant
  9814 | D:11     | Noticed Josephine
 10003 | D:11     | Found Ackeyg's Antique Armour Shoppe.
 10021 | D:11     | Reached skill level 12 in Stealth
 10029 | D:11     | Bought a jewelled leather armour for 203 gold pieces
 10050 | D:11     | Identified the +1 leather armour of Omission {rC- rCorr Slay+6 Stlth+} (You bought it in a shop on level 11 of the Dungeon)
 10289 | D:11     | Noticed Gastronok
 10295 | D:11     | Noticed Erolcha
 10302 | D:11     | Killed Erolcha
 10517 | D:11     | Gained mutation: You are missing an eye, making it more difficult to aim. [Ru sacrifice]
 10544 | D:11     | Noticed a hill giant
 10559 | D:11     | Killed a hill giant
 10737 | D:11     | Killed Gastronok
 10893 | D:11     | Found a staircase to the Lair.
 11012 | D:11     | Noticed a five-headed hydra
 11201 | D:11     | Killed Josephine
 11201 | D:11     | Reached XP level 12. HP: 58/74 MP: 17/23
 11213 | D:11     | Killed a five-headed hydra
 11409 | D:12     | Noticed kae's ghost (journeyman MiFi)
 11429 | D:12     | Killed kae's ghost
 11475 | D:11     | Reached skill level 13 in Stealth
 11661 | Lair:1   | Entered Level 1 of the Lair of Beasts
 11750 | Lair:1   | Noticed Sonja
 11766 | Lair:1   | Killed Sonja
 12320 | Lair:1   | Gained mutation: You are weak. (Str -2) [Ru sacrifice]
 12426 | Lair:1   | Noticed radek's ghost (journeyman MiBe)
 12460 | Lair:1   | Killed radek's ghost
 13012 | Lair:2   | Noticed an eight-headed hydra
 13019 | Lair:2   | Killed an eight-headed hydra
 14001 | Lair:3   | Reached skill level 10 in Dodging
 14038 | Lair:3   | Got an encrusted mace
 14039 | Lair:3   | Identified the cursed +1 mace of Ru's Brutal Revenge {drain, rC+ rN++ MP-9} (You found it on level 3 of the Lair of Beasts)
 14090 | Lair:3   | Reached skill level 14 in Stealth
 14133 | Lair:3   | Reached XP level 13. HP: 54/79 MP: 9/25
 14276 | Lair:4   | Found a labyrinth entrance.
 14290 | Lab      | Entered a labyrinth
 15701 | Lab      | Got a vibrating bronze amulet
 15701 | Lab      | Got a brightly glowing amber ring
 15712 | Lab      | Identified the ring of Xucivob {rF+ Dex+6} (You found it in a labyrinth)
 15713 | Lab      | Identified the amulet of Ryaqibee {Regen+ Slay+3} (You found it in a labyrinth)
 15795 | Lair:4   | Found a staircase to the Snake Pit.
 16117 | Lair:4   | Got a transparent scimitar
 16118 | Lair:4   | Identified the +7 scimitar "Giluggit" {venom, +Fly rPois rF- Str+5} (You found it on level 4 of the Lair of Beasts)
 16676 | Lair:5   | Got a fine cloak
 16687 | Lair:5   | Identified the +2 cloak of Dogma {rElec Dex+2} (You found it on level 5 of the Lair of Beasts)
 17088 | Lair:5   | Reached skill level 15 in Stealth
 17766 | Lair:6   | Reached XP level 14. HP: 85/85 MP: 27/27
 17924 | Lair:6   | Learned a level 4 spell: Condensation Shield
 18043 | Lair:6   | Found a staircase to the Shoals.
 18393 | Lair:7   | Got a smoking chain mail
 18404 | Lair:7   | Identified the cursed +0 chain mail of Fiwuepny {rF+ Str+2 Int-3} (You found it on level 7 of the Lair of Beasts)
 18525 | Lair:7   | Found a viscous altar of Jiyva.
 18525 | Lair:7   | Found a staircase to the Slime Pits.
 18695 | Lair:7   | Reached skill level 5 in Ice Magic
 19382 | Lair:8   | Entered Level 8 of the Lair of Beasts
 19395 | Lair:8   | Noticed Snorg
 19633 | Lair:8   | Killed Snorg
 20077 | Lair:8   | Reached skill level 16 in Stealth
 20366 | Lair:8   | Reached skill level 15 in Hexes
 21107 | Orc:1    | Entered Level 1 of the Orcish Mines
 22225 | Orc:3    | Found a dark tunnel.
 22234 | Volcano  | Entered a volcano
 23113 | Orc:4    | Entered Level 4 of the Orcish Mines
 23130 | Orc:4    | Noticed Azrael
 23149 | Orc:4    | Killed Azrael
 23149 | Orc:4    | Reached XP level 15. HP: 68/90 MP: 24/28
 23377 | Orc:4    | Found Uwif's Antique Weapon Shop.
 23378 | Orc:4    | Found Zimakov's Food Shop.
 23419 | Orc:4    | Found Kumahimi's Magic Scroll Shoppe.
 23481 | Orc:4    | Found Xoinag's Weapon Boutique.
 23484 | Orc:4    | Bought a scroll of identify for 26 gold pieces
 23484 | Orc:4    | Bought a scroll of fear for 45 gold pieces
 23638 | Orc:4    | Found a staircase to the Elven Halls.
 24201 | D:12     | Found a bloodstained altar of Trog.
 24221 | D:12     | Noticed Urug
 24231 | D:12     | Killed Urug
 24372 | D:12     | Learned a level 4 spell: Petrify
 24398 | D:12     | Reached skill level 17 in Stealth
 25030 | D:13     | Reached skill level 1 in Earth Magic
 25077 | D:13     | Reached skill level 1 in Transmutations
 25437 | D:13     | Found a portal to a secret trove of treasure.
 25589 | Lair:1   | Learned a level 2 spell: Stoneskin
 25734 | D:13     | You paid a toll of a +2 storm dragon armour to enter a treasure trove
 25735 | Trove    | Entered a treasure trove
 25762 | Trove    | Identified the Tome of Venomous Transformation
 25780 | Trove    | Learned a level 5 spell: Metabolic Englaciation
 25808 | Trove    | Identified the Catalogue of the Oath
 26887 | D:14     | Found a gate to the Vaults.
 27717 | D:15     | Entered Level 15 of the Dungeon
 27744 | D:15     | Found a glowing golden altar of the Shining One.
 27755 | D:15     | Reached XP level 16. HP: 96/96 MP: 29/29
 27873 | D:15     | Reached skill level 10 in Ice Magic
 28220 | D:15     | Found a staircase to the Depths.
 28713 | Snake:1  | Entered Level 1 of the Snake Pit
 29130 | Snake:1  | Found a snail-covered altar of Cheibriados.
 29134 | Snake:1  | Reached skill level 18 in Stealth
 29292 | Snake:1  | Noticed Aizul
 29340 | Snake:1  | Killed Aizul
 29631 | Snake:1  | Reached skill level 15 in Dodging
 30010 | Snake:2  | HP: 2/96 [halberd[the player character] (28)]
 30632 | Snake:2  | You fall through a shaft!
 32173 | Snake:3  | Reached XP level 17. HP: 81/101 MP: 16/30
 32346 | Snake:3  | Reached skill level 10 in Spellcasting
 32648 | Snake:4  | Entered Level 4 of the Snake Pit
 32771 | Snake:4  | Got a twisted great sword
 32772 | Snake:4  | Identified the +7 great sword "Noliomno" {slice, rC++ Dex+2} (You found it on level 4 of the Snake Pit)
 33187 | Snake:4  | Reached skill level 19 in Hexes
 33511 | Snake:4  | HP: 5/101 [greater naga/club (5)]
 33523 | Snake:4  | Noticed Asterion
 34066 | Snake:4  | Killed Asterion
 34544 | Snake:4  | Got a serpentine rune of Zot
 34987 | Shoals:1 | Entered Level 1 of the Shoals
 35195 | Shoals:1 | Reached skill level 20 in Hexes
 35317 | Shoals:1 | Reached XP level 18. HP: 107/107 MP: 32/32
 35497 | Shoals:1 | Noticed Kirke
 35513 | Shoals:1 | Killed Kirke
 35920 | Shoals:2 | Noticed Polyphemus
 35921 | Shoals:2 | Found Ixin's Assorted Antiques.
 35943 | Shoals:2 | HP: 4/107 [Polyphemus (2)]
 35945 | Shoals:2 | Slain by a manticore

Vault maps used:
D:1:      dpeg_arrival_court
D:2:      grunt_temple_overflow_open, fedhas_altar_2
D:3:      serial_bayou_crossing
D:4:      kennysheep_nub
D:5:      minitemple, minmay_temple_entry_large_hall, first_bread, serial_shops,
          nicolae_shop_competitors_out_of_business, uniq_sigmund, uniq_duvessa
D:6:      lightli_temple_of_fire, serial_shops, nicolae_shop_behind_doors,
          uniq_menkaure, uniq_crazy_yiuf_cottage, uniq_edmund
D:7:      lemuel_ratsnest, grunt_potential
D:8:      serial_shops, shop, uniq_erica
D:9:      hangedman_cross_cluster, slow_altar_2
D:10:     serial_shops, shop, hangedman_pestilent_swarm, minmay_curled_crystal,
          interstate_on_off
D:11:     grunt_lair_entry_elf_guard_hut, serial_shops, shop_statue,
          lemuel_flamethrower_2, uniq_josephine, uniq_erolcha, uniq_gastronok
D:12:     basic_altar, uniq_urug
D:13:     enter_trove_0
D:14:     lemuel_ogre_cave, grunt_vaults_entry_tiered, abandoned_shop
D:15:     gammafunk_enter_depths_forms, tso_metal_star
Temple:   nicolae_temple_figure_zero
Lair:1:   grunt_megastairs_4, serial_bayou_shore_a, infiniplex_staircase_pool,
          uniq_sonja
Lair:2:   minmay_lair_oklob_items
Lair:3:   mumra_transporter_accident, dpeg_stationary_puzzle
Lair:4:   minmay_snake_entry_six_corridors, lab_entry_generic,
          wad_woods_road_01, serial_bayou_pond_e
Lair:5:   beast_lair_carwin_5, lemuel_fruit_tree
Lair:6:   minmay_shoals_entry_lonely_mermaid, serial_bayou_ford_a,
          bh_autumn_forest_stairs
Lair:7:   dpeg_slime_entry_enclosed_altar
Lair:8:   hangedman_lair_in_review, lemuel_old_faithful,
          infiniplex_staircase_pool_2, lemuel_fruit_fields, uniq_snorg
Shoals:1: yaktaur_hedge, uniq_kirke
Shoals:2: serial_shops, nicolae_shop_statue_plus, uniq_polyphemus
Snake:1:  st_stairs_4, lemuel_oklob_altar, uniq_aizul
Snake:3:  grunt_ministairs_12, grunt_megastairs_3
Snake:4:  snake_pit, uniq_asterion
Orc:2:    cheibrodos_orc_bank, minmay_orc_keep
Orc:3:    nicolae_volcano_entry_two_sided, nicolae_orc_pool_cavern
Orc:4:    st_orc_open, rock_pile, uniq_azrael
Lab:      nicolae_lab_garden, nicolae_lab_lava, labyrinth_glass_1
Trove:    trove_books_scrolls
Volcano:  volcano_village

Action                   |  1- 3 |  4- 6 |  7- 9 | 10-12 | 13-15 | 16-18 || total
-------------------------+-------+-------+-------+-------+-------+-------++-------
Melee: Dagger            |   130 |   107 |   480 |       |       |       ||   717
       Rapier            |       |       |    15 |   632 |  1472 |  1146 ||  3265
 Cast: Corona            |     1 |       |     4 |     1 |     2 |    13 ||    21
       Ensorcelled Hiber |     8 |    10 |    52 |    87 |    93 |    13 ||   263
       Confuse           |       |     4 |    26 |    44 |    45 |    38 ||   157
       Cause Fear        |       |       |     1 |     5 |     3 |     3 ||    12
       Dazzling Spray    |       |       |     3 |    47 |    21 |    86 ||   157
       Tukima's Dance    |       |       |     3 |       |     3 |     2 ||     8
       Condensation Shie |       |       |       |       |     5 |     5 ||    10
       Metabolic Englaci |       |       |       |       |     5 |    19 ||    24
Invok: Sacrifice Experie |       |     1 |       |       |       |       ||     1
       Draw Out Power    |       |       |     1 |     3 |       |     6 ||    10
       Sacrifice Artific |       |       |     1 |       |       |       ||     1
       Sacrifice Love    |       |       |       |     1 |       |       ||     1
       Apocalypse        |       |       |       |     1 |     3 |       ||     4
       Sacrifice an Eye  |       |       |       |     1 |       |       ||     1
       Sacrifice Purity  |       |       |       |     1 |       |       ||     1
       Power Leap        |       |       |       |       |     1 |     1 ||     2
 Abil: End Transformatio |       |       |       |     1 |     6 |     1 ||     8
       Bat Form          |       |       |       |     1 |     6 |     1 ||     8
  Use: Scroll            |       |       |     9 |    10 |    24 |    16 ||    59
       Potion            |       |       |     3 |       |     2 |    20 ||    25
 Stab: Sleeping          |    13 |    11 |    59 |    83 |   182 |    55 ||   403
       Confused          |       |     3 |    15 |    17 |    20 |    14 ||    69
       Distracted        |       |       |     3 |     8 |    25 |    14 ||    50
       Invisible         |       |       |     1 |    11 |     8 |    33 ||    53
       Paralysed         |       |       |       |     2 |     7 |     5 ||    14
       Fleeing           |       |       |       |     2 |       |     1 ||     3
  Eat: Corpse            |    15 |     4 |    11 |    17 |       |     1 ||    48
